Map: Rhoskallian LE

Players

Massa

  • Race: Terran Terran
  • Spawn Location: 11:00

qqq

  • Race: Protoss Protoss
  • Spawn Location: 12:00

Kagumo

  • Race: Protoss Protoss
  • Spawn Location: 5:00

Альпуша

  • Race: Zerg Zerg
  • League: Gold
  • Spawn Location: 6:00

VOD

Have the link to the VOD?

Description

Time

  • Played on: June 10, 2020, 7:49 a.m.
  • Length: 12:37
Show
View Real Time Build Order
Export as new Build Order

Massa Terran 

Build Orders:  

Get SALT Encoding   

  12  0:13  SCV  
  13  0:17  Supply Depot  
  13  0:25  SCV  
  14  0:39  Barracks  
  14  0:40  SCV  
  15  0:52  SCV  
  16  1:09  SCV  
  16  1:21  SCV  
  17  1:28  Barracks  
  17  1:43  Marine  
  18  1:51  Command Center  
  18  2:01  Marine  
  19  2:09  Orbital Command, Refinery  
  19  2:16  Marine  
  19  2:20  Supply Depot  
  20  2:31  Bunker  
  20  2:35  Marine x2  
  21  2:53  Marine  
  21  3:11  SCV  
  22  3:15  SCV  
  22  3:16  Marine  
  22  3:17  Marine  
  24  3:23  SCV  
  24  3:27  SCV  
  25  3:34  Marine  
  25  3:35  SCV  
  27  3:47  SCV  
  26  3:58  SCV  
  26  3:59  SCV  
  26  4:01  Marine x2  
  28  4:10  SCV  
  28  4:11  SCV  
  29  4:17  Barracks  
  29  4:19  Marine x2  
  29  4:20  Barracks  
  29  4:22  SCV  
  29  4:23  Factory  
  32  4:29  Supply Depot  
  32  4:37  Marine x2  
  34  4:53  Bunker  
  34  4:55  Supply Depot, Marine x2  
  36  5:03  SCV  
  36  5:04  SCV  
  38  5:12  Marine  
  38  5:13  Marine  
  40  5:14  Refinery  
  40  5:15  SCV  
  40  5:16  SCV  
  40  5:19  Supply Depot  
  40  5:20  Marine x2  
  44  5:22  Factory Tech Lab  
  44  5:28  SCV  
  45  5:30  Marine x2  
  45  5:31  Barracks  
  47  5:38  Marine x2  
  48  5:45  Siege Tank  
  48  5:48  Marine x2  
  53  5:56  Marine x2  
  55  5:58  Barracks  
  55  6:06  Marine x2  
  57  6:14  Marine x2  
  59  6:24  Marine x2  
  61  6:30  Marine  
  61  6:32  Command Center x2  
  62  6:38  Factory  
  62  6:39  Marine  
  59  6:40  Marine  
  59  6:41  Marine  
  59  6:42  Marine  
  62  6:48  Marine  
  54  7:05  Marine x4  
  56  7:21  SCV  
  56  7:22  SCV  
  57  7:23  Marine  
  54  7:33  Marine  
  54  7:34  Marine x2, SCV x2  
  58  7:40  Marine  
  59  7:46  SCV x2  
  57  7:51  Marine x3  
  45  8:01  Marine  
  45  8:04  Siege Tank  
  49  8:09  Marine x3  
  49  8:14  SCV x2  
  49  8:19  Marine  
  52  8:26  SCV x2  
  54  8:27  Marine  
  55  8:35  Engineering Bay  
  55  8:36  Siege Tank  
  55  8:38  SCV x2  
  40  8:50  SCV  
  41  9:00  Marine x4  
  41  9:02  Engineering Bay  
  45  9:12  Barracks, SCV x2  
  47  9:17  Marine  
  47  9:18  Marine x3  
  51  9:27  SCV x3  
  53  9:35  Marine x2  
  53  9:36  Marine  
  56  9:39  SCV x2  
  56  9:40  Marine  
  59  9:48  Orbital Command  
  59  9:53  Marine x3  
  59  9:58  Marine  
  59  9:59  Terran Infantry Weapons Level 1, Terran Infantry Armor Level 1  
  63  10:05  Marine  
  64  10:11  Marine x3  
  63  10:15  Siege Tank  
  63  10:16  Marine  
  65  10:23  Marine  
  65  10:25  Missile Turret  
  59  10:29  Marine x3  
  59  10:31  Missile Turret  
  59  10:34  Marine  
  42  10:46  Marine  
  42  10:47  Marine x2  
  43  10:52  Marine  
  44  10:57  SCV x2  
  44  11:01  Marine  
  47  11:04  Marine x2  
  47  11:05  Marine, Siege Tank  
  47  11:09  Marine, SCV x2  
  56  11:19  Marine  
  56  11:24  Marine x3  
  60  11:27  Marine, SCV  
  60  11:28  SCV  
  63  11:37  Marine, Siege Tank  
  68  11:40  SCV x2  
  68  11:42  Marine, Refinery  
  68  11:45  Refinery  
  70  12:03  Supply Depot  
  70  12:08  Supply Depot  
  70  12:11  Supply Depot  
  70  12:25  Supply Depot  
Show
View Real Time Build Order
Export as new Build Order

qqq Protoss 

Build Orders:  

Get SALT Encoding   

  12  0:02  Probe  
  13  0:23  Pylon  
  13  0:33  Probe  
  14  0:45  Probe  
  14  0:46  Gateway  
  14  0:48  Pylon  
  15  1:13  Forge  
  15  1:28  Pylon  
  15  1:45  Zealot  
  16  1:49  Photon Cannon  
  16  1:56  Photon Cannon  
  16  2:07  Pylon  
  16  2:12  Zealot  
  16  2:13  Pylon  
  18  2:25  Cybernetics Core  
  18  2:28  Probe, Assimilator  
  19  2:40  Probe  
  19  2:42  Photon Cannon  
  20  2:52  Probe  
  21  3:04  Pylon, Probe  
  22  3:08  Photon Cannon  
  22  3:16  Probe  
  22  3:19  Photon Cannon  
  22  3:45  Probe  
  23  3:49  Assimilator  
  23  3:57  Probe  
  24  4:04  Stalker  
  24  4:09  Probe  
  27  4:21  Probe  
  28  4:34  Stalker  
  30  5:04  Stalker  
  32  5:17  Stargate  
  32  5:26  Nexus  
  32  5:33  Adept  
  34  6:03  Adept  
  36  6:10  Phoenix  
  38  6:15  Pylon  
  38  6:19  Pylon  
  38  6:22  Pylon  
  36  6:30  Pylon  
  36  6:33  Adept  
  36  6:34  Phoenix  
  40  6:41  Photon Cannon  
  40  6:46  Photon Cannon  
  40  6:59  Phoenix  
  42  7:03  Adept  
  42  7:27  Phoenix  
  44  7:33  Zealot  
  46  7:45  Probe  
  47  7:52  Phoenix  
  47  7:54  Stargate  
  47  7:57  Probe  
  50  8:00  Adept  
  52  8:09  Probe  
  52  8:12  Phoenix  
  54  8:21  Probe  
  55  8:30  Zealot  
  55  8:32  Phoenix  
  55  8:33  Probe  
  60  8:44  Phoenix  
  60  8:45  Probe  
  53  8:57  Phoenix, Probe  
  46  9:08  Assimilator  
  46  9:09  Phoenix  
  49  9:10  Probe  
  49  9:11  Zealot  
  49  9:12  Assimilator  
  51  9:19  Phoenix  
  51  9:22  Probe  
  54  9:30  Probe  
  55  9:38  Probe  
  55  9:40  Phoenix  
  58  9:48  Probe  
  56  10:00  Probe  
  47  10:12  Probe  
  44  10:18  Probe  
  44  10:30  Probe  
  46  10:42  Probe  
  46  10:50  Phoenix x2  
  46  10:55  Probe  
  51  10:57  Fleet Beacon  
  51  10:58  Probe  
  48  11:07  Probe  
  45  11:15  Phoenix  
  32  11:37  Phoenix  
  34  11:44  Phoenix  
  26  12:28  Pylon  
Show
View Real Time Build Order
Export as new Build Order

Kagumo Protoss 

Build Orders: 1 Gate Expand, Colossus Rush 

Get SALT Encoding   

  12  0:01  Probe  
  13  0:13  Probe  
  14  0:24  Pylon  
  14  0:25  Probe  
  15  0:40  Probe  
  16  0:43  Gateway  
  16  0:48  Assimilator, Probe  
  16  0:56  Probe  
  18  1:08  Probe  
  19  1:38  Nexus  
  19  1:47  Zealot, Cybernetics Core  
  21  2:26  Probe  
  21  2:33  Warp Gate  
  21  2:35  Pylon  
  22  2:37  Stalker  
  23  2:49  Probe  
  24  2:55  Robotics Facility, Probe  
  24  3:01  Probe  
  24  3:03  Probe  
  24  3:14  Probe  
  24  3:15  Stalker  
  24  3:18  Probe  
  28  3:26  Probe  
  29  3:30  Probe  
  28  3:51  Immortal  
  32  3:56  Probe x2  
  32  3:57  Assimilator  
  32  3:59  Pylon  
  34  4:04  Probe  
  34  4:07  Pylon  
  34  4:08  Probe  
  36  4:12  Probe  
  37  4:18  Probe  
  37  4:22  Probe  
  38  4:25  Robotics Bay  
  38  4:26  Probe  
  40  4:34  Probe  
  40  4:35  Probe  
  41  4:41  Assimilator  
  42  4:46  Probe  
  42  4:47  Probe  
  42  4:50  Pylon  
  44  4:59  Probe x2  
  46  5:04  Immortal, Extended Thermal Lance  
  50  5:07  Stalker  
  50  5:10  Probe  
  50  5:11  Probe  
  54  5:18  Probe  
  54  5:20  Assimilator  
  54  5:23  Shield Battery, Probe  
  54  5:24  Shield Battery  
  56  5:42  Colossus  
  62  5:55  Pylon  
  62  6:00  Shield Battery, Pylon  
  62  6:02  Pylon x2  
  62  6:07  Pylon  
  62  6:10  Gateway  
  62  6:12  Gateway  
  62  6:30  Gateway  
  62  6:31  Colossus  
  62  6:33  Pylon  
  62  6:39  Robotics Facility  
  68  6:45  Stalker  
  70  6:52  Twilight Council  
  70  6:59  Gateway  
  70  7:15  Colossus  
  70  7:20  Colossus  
  82  7:38  Probe  
  83  7:45  Sentry  
  83  7:46  Sentry  
  83  7:49  Nexus  
  83  7:50  Pylon  
  83  8:08  Colossus  
  89  8:14  Warp Prism  
  89  8:17  Pylon  
  89  8:19  Assimilator  
  91  8:21  Stalker x4  
  91  8:24  Assimilator  
  99  8:29  Shield Battery x2  
  99  8:31  Shield Battery  
  99  8:44  Stalker  
  99  8:48  Stalker x4  
  103  8:53  Blink  
  103  9:04  Disruptor, Probe  
  103  9:05  Probe  
  103  9:07  Observer, Probe  
  110  9:12  Probe  
  110  9:14  Probe  
  111  9:19  Probe  
  111  9:21  Probe  
  113  9:25  Pylon  
  114  9:40  Zealot x2  
  114  9:41  Zealot x3  
  124  9:48  Gateway  
  124  9:49  Gateway  
  124  9:55  Gateway  
  124  9:57  Gateway  
  120  10:15  Zealot x2  
  120  10:16  Zealot x3  
  116  10:35  Probe x2  
  108  10:42  Probe  
  115  10:47  Probe x2  
  115  10:48  Warp Prism x2  
  113  10:53  Stalker  
  113  10:54  Stalker x3, Probe  
  113  10:55  Probe  
  122  10:59  Probe  
  122  11:03  Probe  
  124  11:06  Probe  
  126  11:11  Probe  
  127  11:23  Disruptor x2  
  133  11:30  Nexus  
  133  11:33  Pylon  
  133  11:59  Disruptor x2  
  139  12:09  Stalker x2  
  139  12:10  Stalker x6  
  139  12:11  Stalker  
  157  12:30  Pylon  
  157  12:33  Pylon  
  157  12:35  Assimilator  
Show
View Real Time Build Order
Export as new Build Order

Альпуша Zerg 

Build Orders: Hatch First 

Get SALT Encoding   

  12  0:01  Drone  
  13  0:08  Drone  
  14  0:19  Overlord  
  14  0:37  Drone x2  
  14  0:42  Extractor  
  15  0:51  Drone x2  
  17  0:59  Hatchery  
  16  1:09  Drone  
  17  1:13  Drone  
  18  1:27  Spawning Pool  
  17  1:33  Overlord  
  17  1:41  Drone  
  17  1:43  Extractor  
  17  1:58  Hatchery  
  17  2:09  Drone  
  17  2:12  Hatchery  
  17  2:19  Lair  
  17  2:24  Zergling x2  
  17  2:29  Zergling x2  
  19  2:40  Drone x2  
  21  2:47  Metabolic Boost  
  21  2:49  Drone  
  22  3:03  Zergling x2  
  23  3:11  Queen  
  24  3:21  Zergling x4  
  24  3:22  Zergling x4  
  27  3:40  Zergling x4  
  28  3:48  Spire  
  25  3:49  Drone  
  25  3:53  Drone x2  
  25  3:54  Drone  
  25  4:06  Drone x3  
  28  4:16  Drone x3  
  23  4:38  Drone x2  
  23  4:39  Drone x2  
  24  4:54  Drone x3  
  27  5:07  Hatchery  
  27  5:12  Mutalisk  
  28  5:18  Drone  
  28  5:19  Drone  
  30  5:30  Mutalisk x2  
  30  5:36  Mutalisk  
  31  5:47  Drone x3  
  34  6:01  Mutalisk  
  34  6:04  Mutalisk  
  34  6:05  Overlord  
  34  6:10  Zerg Flyer Weapons Level 1  
  36  6:23  Overlord  
  36  6:24  Drone  
  36  6:25  Drone  
  38  6:36  Mutalisk x2  
  42  6:40  Extractor  
  42  6:42  Extractor  
  38  7:12  Drone x6  
  42  7:27  Drone  
  42  7:28  Drone  
  42  7:39  Infestation Pit, Drone  
  42  7:40  Drone  
  43  7:48  Drone  
  44  8:15  Drone  
  44  8:16  Drone  
  40  8:22  Corruptor x4  
  40  8:25  Hive  
  44  8:31  Overlord  
  44  8:37  Spore Crawler  
  43  8:42  Spore Crawler  
  43  8:43  Drone x2  
  43  8:46  Spore Crawler  
  43  8:59  Drone x4  
  47  9:06  Corruptor  
  47  9:08  Zerg Flyer Weapons Level 2  
  49  9:17  Hatchery  
  48  9:30  Hatchery  
  47  9:46  Spire  
  46  10:03  Corruptor x4  
  52  10:14  Overlord x2  
  52  10:41  Corruptor x4  
  52  10:42  Drone  
  61  10:43  Drone  
  61  10:48  Drone x2  
  62  11:26  Corruptor x5  
  62  11:27  Corruptor  
  62  11:28  Drone  
  75  12:02  Drone, Corruptor x2  
  80  12:33  Extractor  
  80  12:34  Extractor  
Tags
 
Add a new tag
Caveats
  • Supply blocks, unpowered buildings, or Contaminate may cause inaccurate times.
  • Supply counts are checked every 10 seconds.